 Dungeon Crawl Stone Soup version 0.27.0-1-g7a089689b8 (webtiles) character file.

Game seed: 8927682683160356250

14 SnakkuSnakku7 the Ducker (level 2, 0/22 HPs)
             Began as a Merfolk Air Elementalist on Aug 14, 2021.
             Succumbed to an adder's poison
             ... on level 2 of the Dungeon.
             The game lasted 00:01:15 (1121 turns).

SnakkuSnakku7 the Ducker (Merfolk Air Elementalist) Turns: 1121, Time: 00:01:16

Health: 0/22       AC:  5    Str:  8    XL:     2   Next: 41%
Magic:  1/5        EV: 10    Int: 14    God:
Gold:   74         SH:  0    Dex: 14    Spells: 2/5 levels left

rFire    . . .     SeeInvis .   g - +0 whip
rCold    . . .     Faith    .   (no shield)
rNeg     . . .     Spirit   .   c - +0 ring mail
rPois    .         Reflect  .   (no helmet)
rElec    .         Harm     .   (no cloak)
rCorr    .         Rampage  .   (no gloves)
Will     .....                  (no boots)
Stlth    +.........             (no amulet)
HPRegen  0.07/turn              (no ring)
MPRegen  0.09/turn              (no ring)

@: lethally poisoned (0 -> -2), very slightly contaminated
A: (nimble swimmer 2), mertail
a: no special abilities


You were on level 2 of the Dungeon.
You visited 1 branch of the dungeon, and saw 2 of its levels.

You collected 74 gold pieces.

Inventory:

Hand Weapons
 b - a +0 club
 g - a +0 whip (weapon)
 i - a +0 spear
Armour
 a - a +0 robe
 c - a +0 ring mail (worn)
Scrolls
 d - a scroll of brand weapon {unknown}
 e - 2 scrolls of magic mapping {unknown}
 f - a scroll of enchant armour {unknown}
 h - a scroll of noise {unknown}


   Skills:
 - Level 2.1 Fighting
 - Level 2.6 Dodging
 - Level 2.1 Stealth
 - Level 2.0 Spellcasting
 + Level 0.8 Conjurations
 - Level 2.4 Air Magic


You had 2 spell levels left.
You knew the following spells:

 Your Spells              Type           Power      Damage    Failure   Level
a - Shock                 Conj/Air       20%        1d4       36%         1
b - Searing Ray           Conj           6%         3d3       61%         2

Your spell library contained the following spells:

 Spells                   Type           Power      Damage    Failure   Level
 Magic Dart               Conj           12%        1d3       45%         1
 Static Discharge         Conj/Air       5%         N/A       50%         2
 Sandblast                Erth           2%         2d4       58%         1
 Swiftness                Air            8%         N/A       63%         3
 Airstrike                Air            4%         N/A       95%         4
 Fulminant Prism          Conj/Hex       1%         3d6       99%         4


Dungeon Overview and Level Annotations

Branches:
Dungeon (2/15)

Altars:


Innate Abilities, Weirdness & Mutations

((You are quick and stealthy near water. (Stealth+, EV+, Speed+++)))
Your lower body shifts to a powerful aquatic tail in water.


Message History

The adder closely misses you.
You hit the adder.
The adder is severely wounded.
The adder bites you.
You are poisoned.
The adder poisons you! The adder misses you.
You closely miss the adder.
The adder is severely wounded.
You feel sick. The adder bites you but does no damage.
You hit the adder.
The adder is almost dead.
You feel sick. The adder bites you.
You are lethally poisoned!
The adder poisons you! The adder barely misses you.
Unknown command.
You closely miss the adder.
The adder is almost dead.
* * * LOW HITPOINT WARNING * * *
You feel sick. The adder barely misses you.
Unknown command.
You aren't carrying any potions.
Unknown command.
You completely miss the adder.
The adder is almost dead.
* * * LOW HITPOINT WARNING * * *
You feel sick.
The adder bites you but does no damage. x2
Unknown command.
You miss the adder.
The adder is almost dead.
* * * LOW HITPOINT WARNING * * *
You feel sick. The adder barely misses you.
Unknown command.
You barely miss the adder.
The adder is almost dead.
* * * LOW HITPOINT WARNING * * *
You feel sick. The adder barely misses you. x2
Unknown command.
You closely miss the adder.
The adder is almost dead.
You die...

#....# ...
#.#### # #.# #.#
#. #.# #.# #..
#.# #.# S.####.#
#.# # ...#.# #.#
#.##S#.#######.#
#..@...........#
#..#.#.#########
##...#.# #...#.#
#...#.# #..##.#
##. #.# #. #.#


You could see an adder.

Vanquished Creatures
  3 endoplasms (D:1)
  A quokka (D:1)
  2 bats (D:1)
  2 frilled lizards
  3 goblins (D:1)
  2 kobolds (D:1)
  2 rats (D:1)
15 creatures vanquished.

Vanquished Creatures (others)
  A plant (D:1)
1 creature vanquished.

Grand Total: 16 creatures vanquished

Notes
Turn   | Place    | Note
-------+----------+-------------------------------------------
     0 | D:1      | SnakkuSnakku7 the Merfolk Air Elementalist began the quest
                  | for the Orb.
     0 | D:1      | Reached XP level 1. HP: 13/13 MP: 3/3
   178 | D:1      | Reached skill level 1 in Fighting
   296 | D:1      | Reached XP level 2. HP: 17/22 MP: 5/5
   634 | D:1      | Learned a level 2 spell: Searing Ray
   639 | D:1      | Found a faded altar of an unknown god.
   643 | D:1      | Got Plato's Almanac of the Mountains
  1120 | D:2      | HP: 1/22 [poisoned by an adder]
  1121 | D:2      | Succumbed to an adder's poison

Illustrated notes

Levels and vault maps discovered:
D:1:      lemuel_arrival_hallway, layout_basic,
          shapermc_ecumenical_altar_rom_forum
D:2:      minmay_inner_zag, layout_basic, mrwooster_statue_mirror

Skill      XL: |  1  2 |
---------------+-------+-----
Fighting       | 1 2 |  2.1
Dodging        | |  2.6
Stealth        | |  2.1
Spellcasting   | |  2.0
Conjurations   | |  0.8
Air Magic      | |  2.4

Action                   || total
-------------------------++-------
Melee: Club              ||    38
       Whip              ||    29
 Cast: Shock             ||     4
 Stab: Sleeping          ||     3
Armor: Ring mail         ||    25
Dodge: Dodged            ||    36
